Map: Undercurrent LE

Players

Nyck - Winner!

  • Race: Terran Terran
  • Spawn Location: 7:00

Ekelpack - Winner!

  • Race: Zerg Zerg
  • Spawn Location: 7:00

McLanne

  • Race: Protoss Protoss
  • Spawn Location: 1:00

battlestar

  • Race: Zerg Zerg
  • Spawn Location: 3:00

VOD

Have the link to the VOD?

Description

Time

  • Played on: Nov. 27, 2024, 1:34 p.m.
  • Length: 19:39
Show
View Real Time Build Order
Export as new Build Order

Nyck Terran - Winner!

Build Orders:  

Get SALT Encoding   

  12  0:00  SCV  
  13  0:12  SCV  
  14  0:18  Supply Depot  
  14  0:24  SCV  
  15  0:39  SCV  
  15  0:41  Barracks  
  16  0:46  Refinery  
  16  0:51  SCV  
  17  1:04  SCV  
  18  1:16  SCV  
  19  1:29  Barracks  
  19  1:31  Barracks  
  19  1:35  Orbital Command  
  19  1:45  Barracks Tech Lab  
  19  2:04  Marauder  
  19  2:06  SCV  
  22  2:17  Marine  
  18  2:28  Marauder  
  18  2:29  Marine  
  20  2:35  Marine  
  22  2:40  SCV  
  23  2:56  Supply Depot  
  23  3:08  SCV, Marine x2, Marauder  
  25  3:33  SCV  
  26  3:39  Marine  
  26  3:40  Marine  
  28  3:46  SCV  
  27  3:51  Command Center, Marauder  
  29  3:58  SCV  
  27  4:10  SCV  
  29  4:21  Barracks Reactor  
  29  4:24  SCV  
  29  4:28  Refinery, Barracks Reactor  
  29  4:30  Marauder  
  32  4:38  SCV  
  32  4:50  SCV  
  33  5:02  SCV  
  34  5:08  Marine x4, Marauder  
  40  5:38  Combat Shield  
  37  6:09  Marine x2  
  37  6:10  Marine x3  
  40  6:16  Engineering Bay  
  40  6:17  Supply Depot  
  34  6:23  SCV  
  31  6:35  Marine x2  
  31  6:36  Marine x3  
  36  6:41  SCV  
  36  6:45  Missile Turret  
  37  6:52  Missile Turret  
  37  6:53  Missile Turret  
  37  6:55  Missile Turret x2  
  37  6:57  Missile Turret, Stimpack  
  37  7:01  Marine x4  
  37  7:02  Marine  
  42  7:12  Missile Turret  
  42  7:20  Marine x3  
  42  7:21  Marine x2  
  47  7:38  SCV, Marine x3  
  47  7:39  Marine x2  
  47  7:41  Terran Infantry Weapons Level 1  
  53  7:47  Factory  
  53  7:54  Barracks, SCV  
  53  7:56  Marine  
  55  8:16  Supply Depot  
  55  8:33  Starport  
  55  8:37  SCV, Marine x4  
  55  8:39  Command Center  
  60  8:49  SCV  
  61  9:00  Marine  
  61  9:01  Marine  
  63  9:21  Barracks, Barracks Reactor  
  63  9:24  Marine x5  
  63  9:25  SCV  
  63  9:28  Supply Depot, Starport Reactor  
  69  9:37  SCV  
  70  9:42  Marine  
  71  9:49  Marine x3  
  71  9:50  SCV  
  71  9:51  Orbital Command, Supply Depot  
  75  10:02  SCV  
  76  10:14  Supply Depot  
  66  10:37  Marine  
  66  10:38  Marine x6  
  73  10:55  Marine x2  
  73  10:56  Marine x5  
  76  11:13  Marine x6  
  76  11:14  Marine  
  68  11:31  Marine x7  
  70  11:44  SCV  
  70  11:45  SCV  
  58  11:48  Marine  
  58  11:49  Refinery, Marine x6  
  58  11:51  Refinery  
  58  11:53  Medivac  
  67  11:57  SCV x2, Medivac  
  71  12:03  Terran Infantry Armor Level 1  
  71  12:06  Marine  
  71  12:07  Marine x6  
  78  12:09  SCV x2  
  80  12:21  SCV x2  
  82  12:24  Marine  
  82  12:25  Marine x2  
  82  12:28  Medivac x2  
  89  12:36  SCV x2  
  91  12:39  Marine x4  
  95  12:46  Armory  
  95  12:51  Engineering Bay  
  95  12:53  SCV x2, Command Center  
  95  12:55  Marine  
  95  12:56  Marine x2  
  100  12:58  Marine x2  
  100  12:59  Marine  
  103  13:08  Marine  
  104  13:13  Marine  
  104  13:15  SCV  
  104  13:16  SCV  
  107  13:38  Liberator  
  110  13:44  Liberator, Terran Infantry Weapons Level 2  
  113  13:57  Terran Infantry Armor Level 2  
  113  13:58  Marine  
  113  13:59  Marine x5  
  113  14:00  Marine  
  120  14:17  SCV  
  120  14:18  SCV  
  122  14:34  SCV x2  
  124  14:39  Orbital Command  
  124  14:43  Marine x5  
  124  14:44  Marine x2  
  131  14:46  SCV  
  131  14:47  SCV  
  133  15:01  Marine x7  
  140  15:18  Marine  
  141  15:30  Refinery  
  141  16:16  Supply Depot  
  141  16:26  Marine  
  141  16:27  Marine  
  141  16:28  SCV, Marine x2  
  141  16:29  SCV, Marine x2  
  141  16:30  Marine, Medivac  
  141  16:31  Medivac  
  138  16:39  Supply Depot  
  137  16:54  Supply Depot  
  137  17:00  SCV x2, Marine x3  
  142  17:01  Supply Depot  
  142  17:05  Marine  
  142  17:10  Marine  
  142  17:12  Marine  
  142  17:14  SCV x2  
  142  17:15  Marine  
  142  17:17  Supply Depot  
  142  17:18  Marine x3  
  134  17:22  Marine  
  134  17:24  Supply Depot  
  134  17:26  SCV x2  
  134  17:28  Marine  
  124  17:30  Marine  
  124  17:33  Marine  
  124  17:36  Marine x3  
  123  17:38  SCV x2  
  123  17:40  Marine  
  102  17:46  Marine  
  102  17:47  Supply Depot  
  102  17:48  Marine  
  102  17:51  Marine  
  86  17:54  Marine x3  
  86  17:58  Marine  
  90  18:04  Marine  
  93  18:05  SCV x2  
  93  18:06  Marine  
  93  18:09  Supply Depot, Marine  
  93  18:11  Marine x3  
  97  18:16  Marine  
  94  18:22  Marine  
  94  18:23  Marine  
  94  18:26  Marine  
  95  18:29  Marine x3  
  95  18:32  Supply Depot  
  95  18:34  Marine  
  94  18:40  Marine  
  96  18:41  Marine  
  96  18:44  Marine  
  96  18:45  SCV x2  
  96  18:47  Marine x3  
  103  18:52  Marine  
  103  18:55  Supply Depot  
  104  18:57  Marine  
  104  18:59  Marine  
  104  19:01  Command Center  
  104  19:02  Marine  
  107  19:15  Marine  
Show
View Real Time Build Order
Export as new Build Order

Ekelpack Zerg - Winner!

Build Orders: Hatch First 

Get SALT Encoding   

  12  0:00  Drone  
  13  0:12  Overlord  
  13  0:17  Drone  
  14  0:31  Drone  
  15  0:45  Hatchery  
  15  0:47  Drone  
  15  1:04  Spawning Pool  
  14  1:06  Drone  
  14  1:10  Extractor  
  14  1:12  Drone  
  14  1:16  Drone  
  16  1:26  Drone  
  16  1:31  Drone  
  18  1:58  Roach Warren  
  18  1:59  Queen  
  19  2:02  Zergling x4  
  19  2:03  Zergling x2  
  22  2:13  Drone x2  
  24  2:34  Overlord  
  24  2:42  Roach x2  
  28  2:52  Roach x2  
  28  2:53  Roach x2  
  28  2:54  Overlord  
  36  3:25  Roach x2  
  36  3:26  Roach x3  
  43  3:38  Overlord  
  37  4:06  Roach x4  
  37  4:07  Overlord  
  43  4:12  Queen  
  45  4:18  Drone  
  45  4:23  Drone x2  
  48  4:33  Extractor, Drone  
  48  4:36  Drone  
  49  4:45  Drone x3  
  51  4:46  Drone x2  
  54  4:53  Drone  
  54  4:54  Overlord  
  49  5:23  Drone x5  
  49  5:24  Drone x4  
  58  5:29  Lair  
  58  5:33  Extractor  
  58  5:35  Extractor  
  54  5:53  Spore Crawler x2  
  54  5:56  Spore Crawler  
  45  5:58  Spore Crawler  
  38  6:09  Drone x2  
  38  6:10  Drone x4  
  42  6:28  Spore Crawler  
  42  6:30  Spore Crawler  
  40  6:36  Hydralisk Den  
  40  6:40  Drone x2  
  41  6:54  Queen  
  43  7:05  Hydralisk x3  
  43  7:06  Hydralisk x7  
  43  7:07  Hydralisk  
  58  7:39  Hydralisk  
  58  7:40  Overlord x2  
  60  7:44  Grooved Spines  
  60  7:52  Evolution Chamber  
  60  7:54  Evolution Chamber  
  58  7:59  Drone x3  
  61  8:13  Hatchery  
  61  8:19  Hydralisk x7  
  68  8:20  Hydralisk  
  68  8:21  Overlord  
  76  8:37  Muscular Augments  
  76  8:38  Zerg Missile Weapons Level 1  
  76  8:48  Roach x4  
  84  9:02  Overlord x3  
  84  9:27  Drone x6  
  84  9:28  Drone x3  
  84  9:29  Overseer  
  93  9:42  Drone x5  
  93  9:43  Drone  
  99  9:46  Extractor  
  98  9:54  Spore Crawler x2  
  98  9:55  Spore Crawler  
  98  9:56  Drone x5  
  74  10:23  Hydralisk x7  
  74  10:24  Hydralisk x2  
  70  10:44  Extractor, Drone  
  70  10:46  Hydralisk  
  70  10:47  Hydralisk x6  
  84  10:59  Queen  
  84  11:01  Zerg Missile Weapons Level 2  
  86  11:25  Hydralisk x4  
  82  11:26  Hydralisk x7  
  90  11:53  Zerg Ground Armor Level 1  
  76  12:13  Hydralisk x3  
  76  12:14  Hydralisk x6  
  94  12:24  Glial Reconstitution  
  94  12:28  Roach x4  
  94  12:29  Overlord x2  
  102  12:43  Roach x2  
  106  12:51  Roach  
  106  12:52  Roach x6  
  106  12:53  Roach  
  122  13:21  Overseer  
  53  13:56  Roach x4  
  53  13:57  Roach x6  
  53  13:58  Roach x5  
  62  14:37  Roach x6  
  62  14:38  Roach x6  
  76  14:39  Roach  
  66  15:10  Hatchery  
  66  15:13  Hatchery  
  64  15:58  Overlord x3  
  64  16:54  Spawning Pool  
  63  17:03  Roach x2  
  63  17:04  Roach x3  
  63  17:05  Roach x6  
  63  17:06  Roach  
  87  17:24  Roach x3  
  67  17:42  Roach x3  
  67  17:43  Roach x3  
  77  17:57  Roach  
  77  17:58  Roach x4  
  79  17:59  Lair  
  77  18:25  Roach x3  
  77  18:26  Roach x3  
  77  19:08  Hydralisk Den  
  76  19:12  Roach  
  76  19:13  Roach x6  
  76  19:14  Roach x2, Overlord x2  
Show
View Real Time Build Order
Export as new Build Order

McLanne Protoss 

Build Orders: Cannon Rush, Carriers 

Get SALT Encoding   

  12  0:01  Probe  
  13  0:17  Pylon  
  13  0:23  Probe  
  14  0:31  Probe  
  15  0:41  Probe  
  15  0:43  Forge  
  16  0:55  Pylon  
  16  0:59  Probe  
  17  1:24  Photon Cannon  
  17  1:25  Photon Cannon  
  17  1:27  Photon Cannon  
  17  1:37  Pylon  
  17  1:47  Probe  
  18  1:59  Probe  
  19  2:04  Pylon  
  19  2:18  Assimilator  
  19  2:24  Photon Cannon  
  19  2:27  Photon Cannon  
  19  2:31  Pylon  
  19  2:56  Probe  
  20  3:06  Pylon  
  20  3:08  Probe  
  20  3:09  Pylon  
  21  3:13  Pylon, Assimilator  
  21  3:20  Probe  
  22  3:31  Probe  
  22  3:39  Probe  
  24  3:49  Gateway, Probe  
  24  3:51  Photon Cannon  
  25  3:56  Nexus  
  25  3:58  Photon Cannon  
  24  4:06  Photon Cannon  
  24  4:33  Photon Cannon  
  24  4:37  Photon Cannon  
  24  4:46  Photon Cannon  
  24  5:02  Nexus  
  26  5:26  Pylon  
  24  5:48  Pylon  
  24  5:51  Pylon  
  24  5:55  Assimilator  
  24  5:59  Assimilator  
  24  6:13  Pylon  
  24  6:14  Probe  
  25  6:26  Probe  
  25  6:32  Gateway  
  26  6:38  Forge, Probe  
  27  6:46  Probe  
  27  6:51  Probe  
  29  6:54  Probe  
  30  7:03  Probe x2  
  32  7:15  Probe x2  
  34  7:17  Photon Cannon  
  34  7:20  Photon Cannon  
  34  7:22  Cybernetics Core  
  34  7:27  Probe  
  35  7:38  Photon Cannon  
  35  7:40  Photon Cannon  
  35  7:43  Photon Cannon  
  35  7:46  Photon Cannon  
  35  7:48  Photon Cannon  
  35  7:51  Probe  
  35  7:54  Probe  
  37  8:03  Probe  
  38  8:06  Probe  
  38  8:11  Stargate  
  39  8:13  Stargate  
  39  8:16  Probe  
  39  8:18  Probe  
  41  8:28  Probe  
  41  8:31  Shield Battery  
  41  8:33  Shield Battery  
  42  8:36  Probe  
  43  8:45  Probe  
  44  8:53  Void Ray  
  44  8:54  Void Ray  
  52  9:16  Shield Battery  
  52  9:18  Stalker  
  52  9:19  Shield Battery  
  52  9:21  Shield Battery  
  54  9:25  Pylon  
  62  9:38  Void Ray x2  
  52  10:37  Void Ray  
  40  12:20  Pylon  
  40  12:26  Pylon  
  40  12:29  Pylon  
  40  12:56  Gateway  
  40  12:58  Forge  
  40  13:36  Nexus  
  40  13:40  Assimilator  
  40  13:43  Assimilator  
  40  13:45  Pylon  
  40  13:48  Pylon  
  40  13:51  Cybernetics Core  
  40  13:55  Photon Cannon  
  40  13:57  Photon Cannon  
  40  14:00  Photon Cannon  
  40  14:06  Photon Cannon  
  40  14:08  Photon Cannon  
  40  14:10  Photon Cannon  
  40  14:11  Photon Cannon  
  40  14:13  Photon Cannon  
  40  14:16  Photon Cannon  
  40  14:35  Stargate  
  40  14:37  Stargate  
  40  14:38  Probe x2  
  42  14:46  Probe  
  42  14:50  Probe  
  42  14:51  Probe  
  45  14:56  Probe  
  46  15:02  Probe  
  46  15:04  Probe  
  46  15:05  Stargate  
  48  15:08  Stargate, Probe  
  48  15:12  Pylon  
  49  15:16  Pylon, Probe  
  49  15:18  Twilight Council  
  49  15:20  Probe  
  51  15:25  Fleet Beacon  
  51  15:28  Probe  
  52  15:29  Protoss Shields Level 1  
  52  15:36  Probe  
  52  15:40  Probe  
  52  15:42  Protoss Air Armor Level 1  
  54  15:48  Probe  
  55  16:00  Nexus, Probe  
  55  16:02  Pylon  
  56  16:05  Pylon  
  56  16:08  Assimilator  
  56  16:12  Assimilator  
  56  16:21  Probe  
  56  16:24  Probe  
  58  16:28  Probe  
  59  16:33  Probe  
  59  16:34  Photon Cannon  
  59  16:36  Probe  
  59  16:37  Photon Cannon, Shield Battery  
  59  16:39  Carrier x2  
  73  16:40  Probe  
  73  16:45  Probe  
  73  16:46  Carrier  
  81  16:48  Probe  
  81  16:52  Probe  
  83  16:59  Carrier  
  65  17:19  Probe  
  53  17:31  Probe  
  50  17:43  Carrier  
  50  17:44  Probe  
  55  17:56  Probe  
  56  18:08  Probe  
  57  18:14  Carrier  
Show
View Real Time Build Order
Export as new Build Order

battlestar Zerg 

Build Orders: Pool First, Lurkers 

Get SALT Encoding   

  12  0:05  Drone  
  13  0:17  Drone  
  14  0:28  Spawning Pool  
  13  0:30  Drone  
  13  0:35  Extractor  
  13  0:36  Drone  
  13  0:41  Extractor  
  13  0:43  Drone  
  15  0:51  Overlord  
  15  1:15  Zergling x6  
  15  1:18  Queen  
  20  1:29  Drone  
  21  1:40  Overlord  
  21  1:47  Metabolic Boost  
  21  1:48  Drone  
  20  2:25  Hatchery  
  20  2:27  Zergling x2  
  20  2:28  Zergling x8  
  23  2:32  Drone  
  24  2:44  Lair  
  24  2:48  Drone  
  25  3:04  Drone x2  
  27  3:08  Extractor  
  25  3:25  Drone x2  
  25  3:26  Drone  
  24  3:39  Queen  
  24  3:41  Drone  
  27  3:51  Drone x2  
  27  3:52  Drone  
  30  4:02  Spire  
  29  4:05  Drone x2  
  29  4:06  Drone  
  29  4:07  Overlord  
  32  4:14  Overlord  
  32  4:24  Drone x3  
  35  4:32  Overlord x2  
  35  4:40  Overlord x2  
  35  5:13  Mutalisk  
  35  5:14  Mutalisk x7  
  35  5:15  Mutalisk x2  
  35  5:17  Mutalisk  
  57  5:24  Drone  
  58  5:36  Mutalisk x2  
  62  5:54  Mutalisk  
  62  5:55  Zergling x10  
  62  5:56  Zergling x4  
  71  6:02  Queen  
  65  6:30  Drone x7  
  65  6:31  Drone  
  73  6:52  Hatchery  
  73  6:53  Drone, Overlord x3  
  73  6:54  Drone  
  57  7:42  Extractor  
  57  7:43  Extractor  
  55  7:49  Drone x4  
  55  7:50  Drone x2  
  61  7:57  Overseer  
  61  8:00  Extractor  
  61  8:01  Overlord  
  61  8:02  Drone  
  61  8:03  Extractor  
  60  8:09  Drone x3  
  60  8:10  Drone x2  
  65  8:23  Hydralisk Den  
  65  8:25  Infestation Pit  
  63  8:29  Evolution Chamber  
  63  8:30  Evolution Chamber  
  61  8:37  Evolution Chamber  
  61  8:38  Drone x2  
  61  8:39  Drone x7  
  61  8:40  Drone x3  
  70  8:50  Zergling x6  
  69  9:00  Mutalisk  
  69  9:01  Hydralisk  
  76  9:08  Hydralisk  
  74  9:11  Grooved Spines  
  69  9:25  Hydralisk  
  69  9:26  Hydralisk x3  
  69  9:29  Zerg Missile Weapons Level 1, Zerg Ground Armor Level 1  
  77  9:34  Lurker Den  
  72  9:50  Hydralisk  
  72  9:51  Hydralisk x4  
  72  9:52  Hydralisk, Overlord  
  84  10:01  Muscular Augments  
  84  10:03  Nydus Network  
  83  10:11  Hydralisk x3  
  80  10:27  Hydralisk  
  80  10:28  Hydralisk x5  
  79  10:37  Lurker x4  
  79  10:38  Lurker  
  79  10:39  Hydralisk  
  85  10:50  Hydralisk  
  85  10:51  Hydralisk x2  
  68  11:27  Hydralisk x7  
  68  11:28  Hydralisk  
  68  11:29  Zergling x2  
  68  11:30  Zergling x4  
  85  11:41  Hydralisk x2  
  79  11:52  Hydralisk x2  
  66  12:07  Hydralisk x2  
  70  12:17  Hydralisk  
  70  12:18  Hydralisk  
  74  12:30  Hydralisk x2  
  78  12:39  Lurker x2  
  78  12:40  Lurker x7  
  78  12:41  Lurker  
  78  12:42  Hydralisk x6  
  78  12:43  Hydralisk  
  102  12:49  Hatchery  
  101  13:02  Nydus Canal  
  101  13:03  Hydralisk x4  
  109  13:08  Overlord  
  109  13:13  Overseer, Hydralisk  
  105  13:37  Nydus Canal  
  85  13:52  Hydralisk x5  
  85  13:53  Hydralisk x2  
  93  14:00  Hydralisk  
  95  14:03  Queen, Drone  
  84  14:26  Hydralisk x4  
  84  14:27  Hydralisk x3  
  68  14:38  Hydralisk x2  
  68  14:39  Hydralisk x3  
  68  14:45  Hydralisk x3  
  78  14:55  Hydralisk x3  
  67  15:09  Hydralisk x2  
  67  15:12  Lurker  
  67  15:13  Lurker  
  71  15:14  Lurker  
  71  15:16  Zergling x4  
  72  15:30  Hydralisk x2  
  76  15:40  Hydralisk x2  
  80  15:44  Lurker  
  80  15:45  Lurker x3  
  84  15:56  Hatchery  
  83  15:58  Hatchery  
  83  16:02  Nydus Canal  
  82  16:09  Hydralisk x3  
  82  16:10  Hydralisk x4  
  96  16:13  Hydralisk  
  96  16:15  Zergling x2  
  99  16:31  Hydralisk x2  
  99  16:32  Hydralisk  
  105  16:33  Zergling x4  
  107  16:50  Nydus Canal  
  107  16:52  Extractor  
  107  16:53  Extractor  
  105  16:58  Hydralisk x2  
  105  16:59  Hydralisk  
  105  17:00  Zergling x4  
  113  17:10  Hydralisk x2  
  88  17:33  Hydralisk x3  
  60  17:46  Hydralisk x2  
  60  17:48  Zergling x2  
  55  17:55  Zergling x2  
  44  18:29  Drone  
  44  18:30  Drone x4  
  37  19:14  Drone x2  
  37  19:15  Drone  
Tags
 
Add a new tag
Caveats
  • Supply blocks, unpowered buildings, or Contaminate may cause inaccurate times.
  • Supply counts are checked every 10 seconds.